 Dungeon Crawl Stone Soup version 0.21.0-3-g78d12a8 (webtiles) character file.

13460 Faca the Archer (level 11, 0/102 HPs)
             Began as a Centaur Hunter on Jan 12, 2018.
             Was a High Priest of Okawaru.
             Slain by a spiny frog (6 damage)
             ... on level 1 of the Lair of Beasts.
             The game lasted 00:39:39 (17311 turns).

Faca the Archer (Centaur Hunter)                   Turns: 17311, Time: 00:39:40

Health: 0/102      AC: 16    Str: 15    XL:     11   Next: 75%
Magic:  9/11       EV:  7    Int: 10    God:    Okawaru [*****.]
Gold:   684        SH:  0    Dex: 16    Spells: 10/10 levels left

rFire    . . .     SeeInvis +   b - +1 trident
rCold    . . .     Gourm    .   (no shield)
rNeg     . . .     Faith    .   E - +2 chain mail {rPois}
rPois    +         Spirit   .   x - +2 hat {SInv}
rElec    .         Reflect  .   y - +0 cloak
rCorr    .         Harm     .   w - +0 pair of gloves
MR       .....                  (no barding)
Stlth    ..........             (no amulet)
HPRegen  0.27/turn              n - +3 ring of dexterity
MPRegen  0.12/turn              e - +1 ring of protection

@: heroism, very quick
A: large, hooves 3, deformed body, speed 2, tough skin 3
a: Heroism, Finesse, Renounce Religion


You were on level 1 of the Lair of Beasts.
You worshipped Okawaru.
Okawaru was extremely pleased with you.
You were not hungry.

You visited 3 branches of the dungeon, and saw 13 of its levels.

You collected 684 gold pieces.

Inventory:

Hand Weapons
 a - a +1 shortbow
 b - a +1 trident (weapon)
 F - a +0 glaive
Missiles
 d - 245 arrows
Armour
 m - a +1 helmet of intelligence
 w - a +0 pair of gloves (worn)
 x - a +2 hat of see invisible (worn)
 y - a +0 cloak (worn)
 E - a +2 chain mail of poison resistance (worn)
Jewellery
 e - a +1 ring of protection (right hand)
 n - a +3 ring of dexterity (left hand)
 D - an uncursed amulet of guardian spirit {unknown}
Wands
 c - a wand of disintegration (16)
 t - a wand of iceblast (5)
 B - a wand of clouds (4)
Scrolls
 h - a scroll of noise {unknown}
 i - 2 scrolls of remove curse
 p - 3 scrolls of immolation {unknown}
 r - a scroll of enchant weapon
 s - 2 scrolls of teleportation
Potions
 j - 2 potions of resistance {unknown}
 k - a potion of might
 o - a potion of ambrosia
 q - 3 potions of flight
 u - a potion of brilliance
 v - a potion of agility
 z - a potion of lignification {unknown}
 A - a potion of curing
 C - a potion of degeneration {unknown}
Comestibles
 f - 6 rations


   Skills:
 + Level 11.3(16.3) Fighting
 + Level 9.8(14.8) Polearms
 + Level 14.7(19.7) Bows
 - Level 1.3(6.3) Dodging
 - Level 0.4(5.4) Stealth


You had 10 spell levels left.
You didn't know any spells.

Dungeon Overview and Level Annotations

Branches:
Dungeon (11/15)            Temple (1/1) D:6            Lair (1/6) D:10
    Orc (0/2) D:10

Altars:
Ashenzari
Cheibriados
Dithmenos
Elyvilon
Fedhas
Gozag
Hepliaklqana
Kikubaaqudgha
Makhleb
Nemelex Xobeh
Okawaru
Qazlal
Ru
Sif Muna
Trog
Uskayaw
Vehumet
Wu Jian
Xom
Yredelemnul
Zin
The Shining One


Innate Abilities, Weirdness & Mutations

You have hooves in place of feet.
Armour fits poorly on your strangely shaped body.
You cover ground very quickly.
You have extremely tough skin. (AC +3)


Message History

The spiny frog stings you but does no damage.
The spiny frog stings you!
* * * LOW HITPOINT WARNING * * *
The bullfrog hits you.
* * * LOW HITPOINT WARNING * * *
The bullfrog snags a nearby mouse with its tongue.
You gain the combat prowess of a mighty hero.
The bullfrog hits you but does no damage.
The spiny frog stings you but does no damage.
You hit the spiny frog.
The spiny frog is severely wounded.
The bullfrog hits you.
* * * LOW HITPOINT WARNING * * *
You hit the spiny frog but do no damage.
You kick the spiny frog!
The spiny frog is almost dead.
The bullfrog hits you.
* * * LOW HITPOINT WARNING * * *
The spiny frog stings you.
You die...

,,,,....###.#.#........,,,,,,,**
*,,,,.........#....:.P#,**,,*,,*
,,...,.............#...,,,,,*,**
*,...,,#......#........,,,,,+,*
*,....,#......#.......,,,,,.#.#
*,.....#...........#,,,,,.....#
*,.....#...........#,,,,......#
*,......#..#...F...#,,,,....P.#
,,.............F@..#,,,,....#.#
,,.................######.##..#
,,....>.......................#
,,............................#
,,......###.###....####+..##..#
,,......*#P.#*#...#........#..#
*,$.....,#..)+....#........#..#
,,.....,,....##...#....>......#
,*.....,......#........(......#


You could see a spiny frog and a bullfrog.

Vanquished Creatures
  Gastronok (D:11)
  Snorg (D:10)
  4 two-headed ogres
  An unseen horror (D:10)
  The ghost of Yore the Ruffian, a novice TrMo (D:4)
  A black mamba (Lair:1)
  Psyche (D:8)
  A komodo dragon (D:11)
  A troll (D:9)
  3 hippogriffs
  A wyvern (D:10)
  4 yaks (D:9)
  A hungry ghost (D:7)
  A water moccasin (D:9)
  A porcupine (D:10)
  5 orc warriors
  2 sky beasts
  4 phantoms
  4 black bears
  2 eyes of draining
  A necrophage (D:10)
  4 ogres
  3 ice beasts
  2 centaurs
  A crocodile (Lair:1)
  4 bullfrogs
  A wyvern zombie (D:8)
  3 scorpions
  13 wights
  4 howler monkeys (D:10)
  A quasit (D:10)
  4 hounds
  2 bullfrog skeletons
  4 orc priests
  5 orc wizards
  Ijyb (D:3)
  2 iguanas
  7 worker ants
  A killer bee zombie (D:8)
  2 hound zombies
  A worker ant zombie (D:9)
  Robin (D:2)
  9 adders
  A shadow imp (D:9)
  An ooze (D:3)
  An adder zombie (D:8)
  3 worms
  A dart slug (D:1)
  5 leopard geckos
  29 orcs
  5 bats
  6 giant cockroaches
  16 goblins
  13 hobgoblins
  9 jackals
  2 quokkas
  8 ball pythons
  4 frilled lizards
  11 kobolds
  A leopard gecko skeleton (D:6)
  7 rats
  A fungus (D:10)
240 creatures vanquished.

Vanquished Creatures (others)
  An unseen horror (D:10)
  A porcupine (D:10)
  5 fungi (D:10)
  A plant (D:10)
8 creatures vanquished.

Grand Total: 248 creatures vanquished

Notes
Turn   | Place    | Note
-------+----------+-------------------------------------------
     0 | D:1      | Faca the Centaur Hunter began the quest for the Orb.
     0 | D:1      | Reached XP level 1. HP: 17/17 MP: 1/1
    93 | D:1      | Reached XP level 2. HP: 17/25 MP: 2/2
   472 | D:1      | Reached skill level 6 in Bows
   508 | D:1      | Reached XP level 3. HP: 30/30 MP: 3/3
  1301 | D:2      | Reached XP level 4. HP: 27/38 MP: 4/4
  1898 | D:3      | Noticed Robin
  1921 | D:2      | Killed Robin
  2097 | D:2      | Reached skill level 7 in Bows
  2297 | D:3      | Reached XP level 5. HP: 46/46 MP: 5/5
  2598 | D:3      | Noticed Ijyb
  2670 | D:3      | Killed Ijyb
  2670 | D:3      | Reached skill level 1 in Polearms
  3067 | D:4      | Reached XP level 6. HP: 46/53 MP: 6/6
  3600 | D:4      | Noticed Yore's ghost (novice TrMo)
  3945 | D:4      | Reached skill level 8 in Bows
  4107 | D:4      | Reached skill level 5 in Fighting
  4107 | D:4      | Reached XP level 7. HP: 34/61 MP: 7/7
  4535 | D:4      | Killed Yore's ghost
  4535 | D:4      | Reached skill level 9 in Bows
  4803 | D:5      | Entered Level 5 of the Dungeon
  5178 | D:5      | Found a sacrificial altar of Ru.
  5193 | D:5      | Reached XP level 8. HP: 68/70 MP: 8/8
  5666 | D:6      | Got a twisted long sword
  5667 | D:6      | Identified the +1 long sword "Qompiek" {antimagic, rC+} (You found it on level 6 of the Dungeon)
  5901 | D:6      | Found a staircase to the Ecumenical Temple.
  5945 | Temple   | Entered the Ecumenical Temple
  5976 | Temple   | Became a worshipper of Warmaster Okawaru
  7073 | D:7      | Found a bloodstained altar of Trog.
  7090 | D:7      | Reached skill level 10 in Bows
  7419 | D:7      | Reached skill level 5 in Polearms
  8328 | D:8      | Reached XP level 9. HP: 67/79 MP: 9/9
  8394 | D:8      | Reached * piety under Okawaru
  9284 | D:8      | Reached skill level 11 in Bows
  9520 | D:8      | Noticed Psyche
  9565 | D:8      | Killed Psyche
 11075 | D:9      | Reached ** piety under Okawaru
 11075 | D:9      | Reached skill level 12 in Bows
 11382 | D:9      | Noticed a two-headed ogre
 11456 | D:9      | Killed a two-headed ogre
 11456 | D:9      | Reached XP level 10. HP: 75/91 MP: 10/10
 11589 | D:9      | Reached *** piety under Okawaru
 12285 | D:9      | Received a gift from Okawaru
 12559 | D:9      | Noticed a two-headed ogre
 12607 | D:9      | Killed a two-headed ogre
 12607 | D:9      | Reached skill level 13 in Bows
 12801 | D:10     | Entered Level 10 of the Dungeon
 12805 | D:10     | Noticed a two-headed ogre
 12877 | D:9      | Killed a two-headed ogre
 12877 | D:9      | Reached skill level 10 in Fighting
 13247 | D:10     | Killed an unseen horror
 13247 | D:10     | Received a gift from Okawaru
 13412 | D:10     | Noticed a two-headed ogre
 13458 | D:10     | Killed a two-headed ogre
 13458 | D:10     | Reached XP level 11. HP: 77/100 MP: 11/11
 14403 | D:9      | Reached **** piety under Okawaru
 14560 | D:10     | Noticed Snorg
 14579 | D:10     | HP: 3/101 [Snorg (11)]
 15293 | D:10     | Received a gift from Okawaru
 15414 | D:10     | Killed an unseen horror
 15452 | D:10     | Reached skill level 14 in Bows
 15682 | D:10     | Found a staircase to the Lair.
 15817 | D:10     | Found a staircase to the Orcish Mines.
 16067 | D:11     | Noticed a two-headed ogre
 16217 | D:11     | Noticed a cyan ugly thing
 16356 | D:10     | Killed Snorg
 16912 | D:11     | Noticed Gastronok
 16938 | D:11     | Killed Gastronok
 16938 | D:11     | Received a gift from Okawaru
 16938 | D:11     | Reached ***** piety under Okawaru
 17164 | D:11     | Noticed a brown ugly thing
 17227 | Lair:1   | Entered Level 1 of the Lair of Beasts
 17250 | Lair:1   | Received a gift from Okawaru
 17311 | Lair:1   | Slain by a spiny frog

Skill      XL: |  1  2  3  4  5  6  7  8  9 10 11 |
---------------+----------------------------------+-----
Bows           | 6 7 8 9 10 12 13 14 | 14.7
Fighting       | 3 4 5 6 7 9 10 11 | 11.3
Polearms       | 1 2 3 5 7 8 9 |  9.8
Dodging        | |  1.3
Stealth        | |  0.4

Action                   |  1- 3 |  4- 6 |  7- 9 | 10-12 || total
-------------------------+-------+-------+-------+-------++-------
Melee: Short sword       |   121 |    57 |       |       ||   178
       Kick              |    27 |    56 |   111 |   133 ||   327
       Spear             |       |   230 |   102 |       ||   332
       Unarmed           |       |     8 |       |       ||     8
       Trident           |       |       |   370 |   483 ||   853
 Fire: Shortbow          |       |       |    31 |    32 ||    63
Invok: Heroism           |       |       |     1 |     4 ||     5
  Use: Scroll            |     4 |     3 |     8 |     2 ||    17
       Potion            |       |       |     3 |     3 ||     6
 Stab: Paralysed         |       |       |     1 |       ||     1
  Eat: Chunk             |     1 |     5 |     2 |     1 ||     9
       Ration            |       |     1 |     6 |     5 ||    12
Armor: Leather armour    |    31 |     4 |       |       ||    35
       Ring mail         |       |   140 |    78 |       ||   218
       Chain mail        |       |       |    74 |   226 ||   300
Dodge: Dodged            |    55 |   118 |   127 |    55 ||   355
